 Dungeon Crawl Stone Soup version 0.30-a0-187-gd9c2deaf24 (webtiles) character file.

Game seed: 16096043280366586891

9503 lunkers the Severer (level 12, -5/97 HPs)
             Began as a Meteoran Fighter on Oct 4, 2022.
             Was a Priest of Makhleb.
             Slain by a two-headed ogre
             ... wielding a +0 dire flail
              (20 damage)
             ... on level 10 of the Dungeon.
             The game lasted 00:14:33 (4764 turns).

lunkers the Severer (Meteoran Fighter)              Turns: 4764, Time: 00:14:33

Health: -5/97      AC: 18    Str: 29    XL:     12   Next: 6%
Magic:  17/17      EV:  7    Int: 10    God:    Makhleb [***...]
Gold:   335        SH:  5    Dex: 14    Spells: 11/11 levels left

rFire   . . .      SeeInvis .    d - +1 flail (protect)
rCold   + . .      Faith    .    c - +0 buckler
rNeg    . . .      Spirit   .    k - +0 plate armour of Compassion {rC+ Regen+ Stlth+}
rPois   +          Reflect  .    y - +2 helmet
rElec   .          Harm     .    (no cloak)
rCorr   .          Rampage  .    A - +1 pair of gloves
Will    +....                    (no boots)
Stlth   ..........               (no amulet)
HPRegen 1.16/turn                G - ring of poison resistance
MPRegen 0.15/turn                J - +6 ring of strength

@: glowing
A: sense surroundings 2, otherworldly, glowing, explore regen
a: Renounce Religion, Minor Destruction, Lesser Servant of Makhleb


You were on level 10 of the Dungeon.
You worshipped Makhleb.
Makhleb was most pleased with you.
You visited 1 branch of the dungeon, and saw 10 of its levels.
You also visited: Sewer and Ossuary.

You collected 335 gold pieces.

Inventory:

Hand Weapons
 a - a +0 war axe of flaming
 d - a +1 flail of protection (weapon)
 l - a +0 broad axe
 D - a +3 scimitar of flaming
Missiles
 e - a throwing net
 r - 27 poisoned darts
 t - 2 boomerangs
 E - 8 stones
Armour
 c - a +0 buckler (worn)
 k - the +0 plate armour of Compassion (worn) {rC+ Regen+ Stlth+}
   (You found it on level 2 of the Dungeon)

   rC:        It protects you from cold.
   Regen:     It increases your rate of health regeneration.
   Stlth:     It makes you more stealthy.
 y - a +2 helmet (worn)
 A - a +1 pair of gloves (worn)
Jewellery
 G - a ring of poison resistance (left hand)
 J - a +6 ring of strength (right hand)
Wands
 v - a wand of mindburst (3)
 K - a wand of polymorph (5)
Scrolls
 b - 2 scrolls of fear
 g - a scroll of enchant weapon
 n - 3 scrolls of magic mapping
 p - 3 scrolls of immolation
 u - a scroll of teleportation
 C - a scroll of blinking
Potions
 f - 2 potions of brilliance
 h - 6 potions of curing
 i - 7 potions of mutation
 j - 4 potions of invisibility
 m - 3 potions of haste
 o - 3 potions of flight {unknown}
 q - 2 potions of magic {unknown}
 s - a potion of cancellation {unknown}
 w - a potion of heal wounds {unknown}
 x - a potion of ambrosia {unknown}
 z - a potion of lignification {unknown}
 B - a potion of might


   Skills:
 + Level 6.5 Fighting
 - Level 18.0 Axes
 + Level 7.2 Armour
 - Level 3.6 Shields
 + Level 5.8 Invocations


You had 11 spell levels left.
You didn't know any spells.
Your spell library contained the following spells:

 Spells                   Type           Power      Damage    Failure   Level
 Blink                    Tloc           0%         N/A       100%        2
 Momentum Strike          Conj/Tloc      0%         3d8       100%        2
 Lesser Beckoning         Tloc           0%         N/A       100%        3
 Portal Projectile        Hex/Tloc       0%         N/A       100%        3
 Tukima's Dance           Hex            0%         N/A       100%        3
 Blade Hands              Tmut           0%         N/A       100%        5


Dungeon Overview and Level Annotations

Branches:
Dungeon (10/15) Zot: 1750  Temple (0/1) D:7           Sewer (visited)
Ossuary (visited)
   Lair: D:8-11         Orc: D:9-12

Altars:
Makhleb
Okawaru
Uskayaw
Wu Jian
Xom
Yredelemnul

Annotations:
D:10 2 transporters


Innate Abilities, Weirdness & Mutations

You passively map the area around you.
You are easily found by Zot.
You glow in the dark.
You regain HP and MP as you explore.


Message History

The two-headed ogre hits you with a +0 dire flail.
* * * LOW HITPOINT WARNING * * *
The two-headed ogre hits you but does no damage.
You barely miss the two-headed ogre.
The two-headed ogre is heavily wounded.
You barely miss the two-headed ogre.
The two-headed ogre is heavily wounded.
The two-headed ogre hits you but does no damage.
The two-headed ogre hits you with a +0 giant club!
* * * LOW HITPOINT WARNING * * *
Aiming: Minor Destruction (1% risk of failure)
Press: ? - help, Shift-Dir - straight line, f - two-headed ogre
Aim: a two-headed ogre, wielding a +0 dire flail and a +0 giant club (heavily wounded)
The two-headed ogre writhes in agony.
The two-headed ogre hits you with a +0 dire flail.
* * * LOW HITPOINT WARNING * * *
The two-headed ogre hits you with a +0 giant club!
* * * LOW HITPOINT WARNING * * *
Aiming: Minor Destruction (1% risk of failure)
Press: ? - help, Shift-Dir - straight line, f/p - two-headed ogre
Aim: a two-headed ogre, wielding a +0 dire flail and a +0 giant club (heavily wounded)
The puff of flame hits the two-headed ogre.
The two-headed ogre is severely wounded.
Unknown command.
Aiming: Minor Destruction (1% risk of failure)
Press: ? - help, Shift-Dir - straight line, f/p - two-headed ogre
Aim: a two-headed ogre, wielding a +0 dire flail and a +0 giant club (severely wounded)
The stone arrow misses the two-headed ogre.
The two-headed ogre hits you with a +0 dire flail!
* * * LOW HITPOINT WARNING * * *
You block the two-headed ogre's attack.
Aiming: Minor Destruction (1% risk of failure)
Press: ? - help, Shift-Dir - straight line, f/p - two-headed ogre
Aim: a two-headed ogre, wielding a +0 dire flail and a +0 giant club (severely wounded)
The zap hits the two-headed ogre.
The two-headed ogre is severely wounded.
The two-headed ogre hits you with a +0 dire flail.
* * * LOW HITPOINT WARNING * * *
The two-headed ogre hits you with a +0 giant club!!
You die...

#..# ##
#..## #.. ,
, ##..###
###.. * *
##....###..#
*
#.........#
#.###......#
#.*
##.....## #,
#......# *
** #...@..##
, , **
#...#O.)# *
##...##...#
, *
#...####..#
#..#
##.###...#
*..# #..#
#.......##
*..# #..#
#####...#
..# #..#
##### ..#
##..#
##...##


You could see a two-headed ogre.

Vanquished Creatures
  Erica (D:8)
  A two-headed ogre (D:9)
  A boulder beetle (D:10)
  Pikel (D:8)
  A troll (D:10)
  2 hornets
  A wraith (D:10)
  A wyvern (D:8)
  19 yaks
  4 steam dragons
  2 water moccasins
  A black bear (D:8)
  2 orc warriors (D:10)
  2 ice beasts (D:5)
  An ogre (D:5)
  3 centaurs
  2 lemures (D:8)
  A phantom (D:4)
  3 kobold brigands
  3 bullfrogs
  2 gnoll sergeants
  2 necrophages
  A scorpion (Ossuary)
  A water moccasin zombie (Ossuary)
  A wight (Ossuary)
  3 killer bees (D:10)
  2 howler monkeys (D:10)
  3 centaur zombies (Ossuary)
  A hound (D:5)
  2 orc priests
  A human zombie (Ossuary)
  A gnoll bouda (D:8)
  3 iguanas
  9 orc wizards
  2 scorpion zombies (Ossuary)
  Terence (D:2)
  A hound skeleton (D:4)
  20 gnolls
  2 adders (D:2)
  3 river rats (D:3)
  2 white imps
  4 adder zombies (Ossuary)
  3 worms
  A dart slug (D:3)
  42 orcs
  12 ball pythons
  11 bats
  2 endoplasms
  2 giant cockroaches
  3 goblins
  4 hobgoblins
  2 jackals (D:1)
  3 frilled lizards
  A gnoll zombie (Ossuary)
  2 goblin zombies (Ossuary)
  5 hobgoblin zombies (Ossuary)
  20 kobolds
  4 orc zombies (Ossuary)
  6 rats
242 creatures vanquished.

Vanquished Creatures (collateral kills)
  A centaur (D:10)
1 creature vanquished.

Vanquished Creatures (others)
  A killer bee (D:10)
  8 plants
9 creatures vanquished.

Grand Total: 252 creatures vanquished

Notes
Turn   | Place    | Note
-------+----------+-------------------------------------------
     0 | D:1      | lunkers the Meteoran Fighter began the quest for the Orb.
     0 | D:1      | Reached XP level 1. HP: 19/19 MP: 2/2
    59 | D:1      | Reached skill level 3 in Axes
    59 | D:1      | Reached XP level 2. HP: 25/26 MP: 3/3
   226 | D:1      | Reached XP level 3. HP: 31/31 MP: 4/4
   298 | D:2      | Found a shimmering altar of Xom.
   301 | D:2      | Identified the +0 plate armour of Compassion {rC+ Regen+
                  | Stlth+}
   385 | D:2      | Reached skill level 4 in Axes
   536 | D:2      | Noticed Terence
   557 | D:2      | Killed Terence
   558 | D:2      | Reached XP level 4. HP: 35/38 MP: 5/5
   811 | D:2      | Reached skill level 5 in Axes
  1087 | D:3      | Found a hide-covered altar of Uskayaw.
  1139 | D:3      | Reached XP level 5. HP: 44/45 MP: 6/6
  1160 | D:3      | Found a glowing drain.
  1175 | D:3      | Reached skill level 6 in Axes
  1186 | Sewer    | Entered a sewer
  1407 | Sewer    | Noticed a kobold brigand
  1420 | Sewer    | Killed a kobold brigand
  1421 | Sewer    | Reached skill level 7 in Axes
  1421 | Sewer    | Reached XP level 6. HP: 51/51 MP: 7/7
  1607 | D:4      | Found a sand-covered staircase.
  1611 | Ossuary  | Entered an ossuary
  1670 | Ossuary  | Reached skill level 8 in Axes
  1670 | Ossuary  | Reached XP level 7. HP: 56/57 MP: 8/8
  1778 | Ossuary  | Reached skill level 9 in Axes
  1827 | Ossuary  | Reached XP level 8. HP: 62/63 MP: 9/9
  1827 | Ossuary  | Noticed a silent spectre
  2016 | D:4      | Reached skill level 10 in Axes
  2067 | D:4      | Found a burning altar of Makhleb.
  2092 | D:4      | Became a worshipper of Makhleb the Destroyer
  2134 | D:5      | Entered Level 5 of the Dungeon
  2366 | D:5      | Reached skill level 11 in Axes
  2487 | D:5      | Reached * piety under Makhleb
  2491 | D:5      | Reached skill level 12 in Axes
  2491 | D:5      | Gained mutation: You passively map the area around you.
                  | [Meteoran growth]
  2491 | D:5      | Reached XP level 9. HP: 46/70 MP: 10/10
  2769 | D:7      | Reached skill level 13 in Axes
  2769 | D:7      | HP: 1/70 [necrophage (3)]
  2797 | D:8      | Noticed Pikel
  2821 | D:8      | Killed Pikel
  2822 | D:8      | Reached skill level 14 in Axes
  2967 | D:8      | Reached XP level 10. HP: 41/77 MP: 11/11
  3031 | D:8      | Reached skill level 15 in Axes
  3147 | D:8      | Noticed Erica
  3160 | D:8      | Killed Erica
  3161 | D:8      | Reached skill level 16 in Axes
  3248 | D:8      | Found an iron altar of Okawaru.
  3479 | D:9      | Reached ** piety under Makhleb
  3497 | D:9      | Reached skill level 17 in Axes
  3523 | D:9      | Reached XP level 11. HP: 80/82 MP: 12/12
  3803 | D:9      | Noticed a two-headed ogre
  3808 | D:9      | Killed a two-headed ogre
  3809 | D:9      | Reached skill level 18 in Axes
  3935 | D:9      | Reached skill level 1 in Invocations
  4003 | D:9      | Reached skill level 5 in Armour
  4033 | D:9      | Reached *** piety under Makhleb
  4034 | D:9      | Reached skill level 5 in Fighting
  4109 | D:10     | Entered Level 10 of the Dungeon
  4197 | D:10     | Noticed a boulder beetle
  4207 | D:10     | Noticed a two-headed ogre
  4303 | D:10     | Paralysed by a hornet for 3 turns
  4336 | D:10     | Found a transporter.
  4336 | D:10     | Found a transporter.
  4336 | D:10     | Noticed a frost giant
  4337 | D:10     | Noticed a centaur warrior
  4339 | D:10     | Found a basalt altar of Yredelemnul.
  4504 | D:10     | Reached skill level 5 in Invocations
  4582 | D:10     | Killed a boulder beetle
  4606 | D:10     | Found an ornate altar of the Wu Jian Council.
  4616 | D:10     | Reached XP level 12. HP: 97/97 MP: 17/17
  4764 | D:10     | Slain by a two-headed ogre

Illustrated notes

Levels and vault maps discovered:
D:1:      dpeg_arrival_windows_large_door, layout_rooms,
          hellmonk_ecumenical_altar_defaced_shrine
D:2:      layout_basic, basic_altar, minmay_misc_feat_iff, uniq_terence,
          uniq_natasha
D:3:      layout_loops_ring, mainiacjoe_overflow_brackets, portal_sewer_entry_b,
          uniq_crazy_yiuf_cottage, uniq_robin
D:4:      layout_cave_pools, makhleb_blood_cavern_becter, enter_ossuary_5,
          serial_rivers, chequers_serial_rivers_room_b,
          chequers_serial_rivers_marsh, chequers_serial_rivers_marsh,
          chequers_serial_rivers_micro_c, uniq_menkaure
D:5:      layout_loops_ring, kennysheep_generic_room_2
D:6:      layout_layer_cave
D:7:      layout_loops_corners, zin_statuary, temple_statues,
          roderic_malta_cross, hangedman_decor_riveting
D:8:      layout_rooms, okawaru_metal_pillars_1_2, grunt_gozag_breadcrumbs,
          uniq_pikel, uniq_erica
D:9:      layout_basic, special_room [special_room_orc]
D:10:     minmay_the_grid_3x2 [minmay_the_grid_tiny_cups,
          minmay_the_grid_spin_star, minmay_the_grid_empty, minmay_the_grid_fan,
          minmay_the_grid_garden, minmay_the_grid_prize_inner_circle],
          layout_layer_cave, gammafunk_temple_overflow_arena,
          old_standard_altar, billiards_dpeg

Skill      XL: |  1  2  3  4  5  6  7  8  9 10 11 |
---------------+----------------------------------+-----
Axes           | 3 4 5 7 8 9 12 14 17 18 | 18.0
Fighting       | 6 |  6.5
Armour         | 7 |  7.2
Invocations    | 5 |  5.8
Shields        | |  3.6

Action                   |  1- 3 |  4- 6 |  7- 9 | 10-12 || total
-------------------------+-------+-------+-------+-------++-------
Melee: War axe           |    68 |     6 |       |       ||    74
       Flail             |       |   233 |   349 |   542 ||  1124
Throw: Stone             |     8 |    13 |     2 |       ||    23
       Dart              |       |       |     3 |       ||     3
Invok: Lesser Servant of |       |       |       |     2 ||     2
       Minor Destruction |       |       |       |     5 ||     5
Evoke: Wand              |       |       |     8 |    12 ||    20
  Use: Potion            |     1 |       |     1 |     1 ||     3
       Scroll            |       |       |    12 |     6 ||    18
 Stab: Distracted        |       |       |       |     3 ||     3
Armor: Scale mail        |    23 |       |       |       ||    23
       Plate armour      |    20 |   252 |   380 |   416 ||  1068
Dodge: Dodged            |    20 |    66 |   121 |   153 ||   360
Block: Buckler           |    15 |    76 |   100 |   134 ||   325

Table legend: (Time is in decaauts)
 A = Elapsed time spent in this place.
 B = Non-inter-level travel time spent in this place.
 C = Inter-level travel time spent in this place.
 D = Time resting spent in this place.
 E = Time spent auto-exploring this place.
 F = Levels seen in this place.
 G = Mean time per level.
                   A        B        C        D        E       F      G
               +--------+--------+--------+--------+--------+-----+--------+
         Total |   4837 |   4339 |    498 |      0 |   1672 |  12 |  403.1 |
       Dungeon |   4248 |   3750 |    498 |      0 |   1582 |  10 |  424.8 |
         Sewer |    278 |    278 |      0 |      0 |     89 |   1 |  278.0 |
       Ossuary |    310 |    310 |      0 |      0 |      1 |   1 |  310.0 |
               +--------+--------+--------+--------+--------+-----+--------+

Top non-repeatable levels by time:
     D:9: 777 daAuts
    D:10: 588 daAuts
     D:2: 561 daAuts
     D:8: 524 daAuts
     D:5: 479 daAuts
     D:3: 446 daAuts
     D:4: 380 daAuts
 Ossuary: 310 daAuts
     D:1: 295 daAuts
   Sewer: 278 daAuts
     D:7: 129 daAuts
     D:6: 66 daAuts
